 Dungeon Sprint DCSS version 0.19.1 (webtiles) character file.

8640 KingBobo974 the Eviscerator (level 11, -6/50 HPs)
             Began as a Felid Fighter on Dec 14, 2016.
             Was the Champion of Okawaru.
             Mangled by an ice dragon (9 damage)
             ... in the Dungeon (Sprint IX: "|||||||||||||||||||||||||||||").
             The game lasted 00:06:25 (1164 turns).

KingBobo974 the Eviscerator (Felid Fighter)         Turns: 1164, Time: 00:06:26

Health: -6/50      AC:  2    Str: 15    XL:     11   Next: 12%
Magic:  8/15       EV: 36    Int: 12    God:    Okawaru [******]
Gold:   1835       SH:  0    Dex: 17    Spells: 0 memorised, 10 levels left
                                        Lives:  0   Deaths: 3

rFire  . . .     SeeInvis +       - Unarmed
rCold  . . .     Gourm    .     (armour unavailable)
rNeg   . . .     Faith    .     (shield unavailable)
rPois  .         Spirit   .     (helmet unavailable)
rElec  .         Reflect  .     (cloak unavailable)
rCorr  .         Harm     .     (gloves unavailable)
MR     +....     NoTele   +     (boots unavailable)
Stlth  ++++++....               (no amulet)
                                n - +2 ring of evasion
                                m - +3 ring of intelligence

@: heroism, quick
A: no armour, no weapons or thrown items, stealth, claws 1, fangs 3, see
invisible, carnivore 3, speed 1, shaggy fur 2, slow metabolism 1, sharp paws
a: Heroism, Finesse, Renounce Religion


You were in the Dungeon.
You worshipped Okawaru.
Okawaru was exalted by your worship.
You were not hungry.

You visited 1 branch You collected 1900 gold pieces.
You spent 65 gold pieces at shops.

Inventory:

Jewellery
 d - an uncursed ring of protection from fire
 g - an uncursed ring of protection from cold
 m - a +3 ring of intelligence (left paw)
 n - a +2 ring of evasion (right paw)
 o - an uncursed ring of protection from magic
 p - an uncursed ring of protection from fire
Wands
 l - a wand of acid (7/15)
Scrolls
 h - 3 scrolls of blinking
 j - 3 scrolls of remove curse
 k - 2 scrolls of amnesia
 s - a scroll of identify
Potions
 a - a potion of might
 c - 5 potions of curing
 e - a potion of haste
 f - 4 potions of magic
 i - a potion of invisibility
 q - a potion of cure mutation
 r - 3 potions of heal wounds
Comestibles
 b - 13 meat rations


   Skills:
 + Level 7.0(12.0) Fighting
 + Level 13.8(18.8) Dodging
 + Level 8.1(13.1) Stealth
 * Level 23.4(27) Unarmed Combat
 + Level 4.9 Invocations


You had 10 spell levels left.
You didn't know any spells.

Dungeon Overview and Level Annotations

Branches:
Dungeon (1/1)

Altars:
Cheibriados
Dithmenos
Elyvilon
Fedhas
Gozag
Hepliaklqana
Kikubaaqudgha
Makhleb
Nemelex Xobeh
Okawaru
Qazlal
Ru
Sif Muna
Trog
Uskayaw
Vehumet
Xom
Yredelemnul
Zin
The Shining One
Beogh
Jiyva
Lugonu

Shops:
D :?[!


Innate Abilities, Weirdness & Mutations

You cannot wear armour.
You are incapable of wielding weapons or throwing items.
Your paws allow you to move quietly. (Stealth)
You have sharp claws.
You have razor-sharp teeth.
You have supernaturally acute eyesight. (SInv)
You are carnivorous and can eat meat at any time.
You cover ground quickly.
You are covered in thick fur. (AC +2)
You have a slow metabolism.
Your sharp claws are effective at attacking unaware monsters.


Message History

You closely miss the ice dragon.
Your paws slow down.
You scratch the ice dragon.
The ice dragon is lightly wounded.
The ice dragon bites you!
* * * LOW HITPOINT WARNING * * *
The ice dragon completely misses you. The ice dragon barely misses you.
You claw the ice dragon!
The ice dragon is lightly wounded.
You claw the ice dragon!
The ice dragon is moderately wounded.
The ice dragon completely misses you. The ice dragon misses you. x2
You claw the ice dragon! You claw the ice dragon.
The ice dragon is heavily wounded.
You mangle the ice dragon!! You claw the ice dragon.
The ice dragon is almost dead.
The ice dragon bites you!
* * * LOW HITPOINT WARNING * * *
The ice dragon claws you!
You die...

▓+▓
▓[▓.▓)▓.▓
▓.▓
▓D▓.▓.▓.▓.▓
▓.▓
▓D▓.▓)▓.▓.▓
▓.▓
▓%▓.▓)▓.▓.▓
▓o▓
▓'▓.▓)▓.▓.▓
▓O▓
▓)▓.▓)▓.▓O▓
▓†▓
▓?▓.▓∩▓.▓C▓
▓'▓
▓(▓.▓.▓.▓D▓
▓.▓
▓)▓.▓∩▓.▓@▓
▓.▓
▓.▓.▓.▓.▓(▓
▓[▓
▓.▓.▓∩▓.▓)▓
▓[▓
▓.▓.▓.▓.▓†▓
▓[▓
▓.▓.▓∩▓.▓)▓
▓)▓
▓.▓.▓.▓.▓†▓
▓|▓
▓.▓)▓)▓.▓(▓
▓.▓
▓.▓.▓.▓.▓)▓
▓.▓
▓†▓.▓.▓.▓)▓


You could see an ice dragon, an ettin and an ogre mage.

Vanquished Creatures
  A stone giant (D)
  A very ugly thing (D)
  Erolcha (D)
  A great orb of eyes (D)
  A centaur warrior (D)
  4 ogre magi (D)
  An orc high priest (D)
  A tengu warrior (D)
  An orc knight (D)
  A gargoyle (D)
  A spiny frog (D)
  4 two-headed ogres (D)
  3 blink frogs (D)
  A slime creature (D)
  A hippogriff (D)
  A wraith (D)
  Eustachio (D)
  A vampire mosquito (D)
  11 orc warriors (D)
  A sky beast (D)
  5 ogres (D)
  5 bullfrogs (D)
  A scorpion (D)
  A crimson imp (D)
  A jelly (D)
  4 orc priests (D)
  An orc wizard (D)
  An iguana (D)
  A worker ant (D)
  An adder (D)
  A shadow imp (D)
  8 orcs (D)
  A bat (D)
  A bat skeleton (D)
  A jackal (D)
  3 frilled lizards (D)
  A rat (D)
75 creatures vanquished.

Notes
Turn   | Place    | Note
-------+----------+-------------------------------------------
     0 | D        | KingBobo974 the Felid Fighter began the quest for the Orb.
     0 | D        | Reached XP level 1. HP: 10/10 MP: 2/2
    16 | D        | Noticed a jelly
    16 | D        | Noticed a scorpion
    20 | D        | Reached skill level 5 in Unarmed Combat
    20 | D        | Reached XP level 2. HP: 10/14 MP: 3/3
    23 | D        | Reached skill level 6 in Unarmed Combat
    33 | D        | Killed a scorpion
    33 | D        | Reached skill level 5 in Dodging
    33 | D        | Reached skill level 1 in Stealth
    33 | D        | Reached skill level 7 in Unarmed Combat
    33 | D        | Reached XP level 3. HP: 14/18 MP: 4/4
    35 | D        | Reached skill level 8 in Unarmed Combat
    35 | D        | Reached XP level 4. HP: 12/22 MP: 5/5
    40 | D        | Found a roughly hewn altar of Beogh.
    40 | D        | Found a snail-covered altar of Cheibriados.
    40 | D        | Found a shadowy altar of Dithmenos.
    40 | D        | Found a white marble altar of Elyvilon.
    40 | D        | Found a blossoming altar of Fedhas.
    40 | D        | Found an opulent altar of Gozag.
    41 | D        | Found a hazy altar of Hepliaklqana.
    42 | D        | Found a viscous altar of Jiyva.
    43 | D        | Found an ancient bone altar of Kikubaaqudgha.
    44 | D        | Found a corrupted altar of Lugonu.
    45 | D        | Found a burning altar of Makhleb.
    46 | D        | Found a sparkling altar of Nemelex Xobeh.
    47 | D        | Found an iron altar of Okawaru.
    48 | D        | Found a stormy altar of Qazlal.
    49 | D        | Found a sacrificial altar of Ru.
    50 | D        | Found a deep blue altar of Sif Muna.
    51 | D        | Found a bloodstained altar of Trog.
    52 | D        | Found a hide-covered altar of Uskayaw.
    53 | D        | Found a radiant altar of Vehumet.
    54 | D        | Found a shimmering altar of Xom.
    55 | D        | Became a worshipper of Warmaster Okawaru
    56 | D        | Found a basalt altar of Yredelemnul.
    57 | D        | Found a glowing silver altar of Zin.
    58 | D        | Found a glowing golden altar of the Shining One.
   101 | D        | Noticed an orc warrior
   101 | D        | Noticed an ogre
   101 | D        | Noticed a bullfrog
   102 | D        | Killed a bullfrog
   102 | D        | Reached skill level 10 in Unarmed Combat
   102 | D        | Reached XP level 5. HP: 18/25 MP: 6/6
   109 | D        | Reached skill level 11 in Unarmed Combat
   115 | D        | Reached * piety under Okawaru
   119 | D        | Slain by an ogre
   120 | D        | Reached XP level 4. HP: -5/22 MP: 5/5
   144 | D        | Noticed a blink frog
   144 | D        | Noticed a bullfrog
   145 | D        | Noticed a spiny frog
   146 | D        | Noticed a blink frog
   147 | D        | Noticed a vampire mosquito
   150 | D        | Noticed a bullfrog
   150 | D        | Killed a bullfrog
   150 | D        | Reached XP level 5. HP: 25/25 MP: 6/6
   151 | D        | Noticed a blink frog
   156 | D        | Killed a blink frog
   156 | D        | Reached skill level 5 in Fighting
   156 | D        | Reached skill level 13 in Unarmed Combat
   156 | D        | Gained mutation: You are covered in thick fur. (AC +2) [Felid growth]
   156 | D        | Reached XP level 6. HP: 30/30 MP: 7/7
   164 | D        | Killed a spiny frog
   164 | D        | Reached ** piety under Okawaru
   164 | D        | Reached skill level 14 in Unarmed Combat
   164 | D        | Reached XP level 7. HP: 32/33 MP: 8/8
   171 | D        | Killed a blink frog
   175 | D        | Killed a blink frog
   175 | D        | Reached *** piety under Okawaru
   175 | D        | Reached skill level 15 in Unarmed Combat
   175 | D        | Reached XP level 8. HP: 20/38 MP: 9/9
   188 | D        | Reached skill level 10 in Dodging
   200 | D        | Noticed a hippogriff
   200 | D        | Noticed an eight-headed hydra
   200 | D        | Noticed a six-headed hydra
   200 | D        | Noticed an elephant
   200 | D        | Noticed a lindwurm
   209 | D        | Killed a hippogriff
   209 | D        | Reached skill level 16 in Unarmed Combat
   212 | D        | Mangled by an eight-headed hydra
   213 | D        | Reached XP level 7. HP: -8/34 MP: 7/8
   243 | D        | Found Uduhyfy's Book Shop.
   243 | D        | Noticed a two-headed ogre
   243 | D        | Noticed an ogre mage
   243 | D        | Noticed a two-headed ogre
   243 | D        | Noticed an ogre mage
   249 | D        | Found Ecunyl Piom's Magic Scroll Boutique.
   251 | D        | Killed an ogre mage
   251 | D        | Reached **** piety under Okawaru
   251 | D        | Reached skill level 17 in Unarmed Combat
   251 | D        | Reached skill level 1 in Invocations
   251 | D        | Reached XP level 8. HP: 38/38 MP: 6/9
   254 | D        | Killed an ogre mage
   254 | D        | Reached ***** piety under Okawaru
   254 | D        | Reached skill level 5 in Stealth
   254 | D        | Reached skill level 18 in Unarmed Combat
   254 | D        | Reached XP level 9. HP: 41/41 MP: 7/10
   259 | D        | Found Nakuw's Antique Armour Shop.
   261 | D        | Noticed an ogre mage
   275 | D        | Killed an ogre mage
   275 | D        | Reached skill level 19 in Unarmed Combat
   306 | D        | Found Ciot's Distillery.
   312 | D        | Noticed an ogre mage
   322 | D        | Killed an ogre mage
   322 | D        | Reached ****** piety under Okawaru
   322 | D        | Reached skill level 20 in Unarmed Combat
   322 | D        | Reached XP level 10. HP: 20/46 MP: 12/12
   354 | D        | Bought a potion of heal wounds for 65 gold pieces
   365 | D        | Noticed an orc knight
   374 | D        | Noticed an orc high priest
   380 | D        | Killed an orc knight
   405 | D        | Killed an orc high priest
   405 | D        | Reached skill level 21 in Unarmed Combat
   413 | D        | HP: 2/46 [orc warrior/hand axe (2)]
   812 | D        | Noticed Erolcha
   818 | D        | Killed Erolcha
   838 | D        | Noticed Eustachio
   845 | D        | Killed Eustachio
   882 | D        | Slain by an eight-headed hydra
   883 | D        | Reached XP level 9. HP: 0/42 MP: 12/12
  1101 | D        | Noticed a gargoyle
  1101 | D        | Noticed a tengu warrior
  1109 | D        | Killed a tengu warrior
  1109 | D        | Reached skill level 22 in Unarmed Combat
  1109 | D        | Reached XP level 10. HP: 32/46 MP: 5/13
  1113 | D        | Killed a gargoyle
  1114 | D        | Noticed a white very ugly thing
  1118 | D        | Noticed a centaur warrior
  1119 | D        | Noticed a great orb of eyes
  1129 | D        | Noticed a stone giant
  1135 | D        | Killed a white very ugly thing
  1138 | D        | Killed a centaur warrior
  1139 | D        | Noticed an ice dragon
  1145 | D        | Noticed an ogre mage
  1148 | D        | Killed a great orb of eyes
  1148 | D        | Reached skill level 23 in Unarmed Combat
  1150 | D        | Noticed an ettin
  1150 | D        | HP: 2/46 [stone giant/large rock (14)]
  1156 | D        | Killed a stone giant
  1156 | D        | Reached XP level 11. HP: 3/50 MP: 7/15
  1164 | D        | Mangled by an ice dragon

Skill      XL: |  1  2  3  4  5  6  7  8  9 10 |
---------------+-------------------------------+-----
Unarmed Combat | 5 7 8 10 13 14 17 18 22 23 | 23.4
Dodging        | 5 6 8 9 11 10 12 13 | 13.8
Stealth        | 1 2 3 5 6 8 |  8.1
Fighting       | 4 5 6 7 |  7.0
Invocations    | 1 4 |  4.9

Action                   |  1- 3 |  4- 6 |  7- 9 | 10-12 || total
-------------------------+-------+-------+-------+-------++-------
Melee: Unarmed           |    23 |    34 |    86 |   121 ||   264
       Bite              |     1 |     3 |     6 |    19 ||    29
       Punch             |       |     3 |     4 |    13 ||    20
Invok: Heroism           |       |       |     3 |     2 ||     5
       Finesse           |       |       |     1 |     2 ||     3
  Use: Potion            |       |       |     5 |     2 ||     7
 Stab: Distracted        |       |     1 |       |     1 ||     2
       Sleeping          |       |       |       |     1 ||     1
Armor: Skin              |       |       |       |     3 ||     3
Dodge: Dodged            |    15 |    28 |    89 |    57 ||   189
